 Dungeon Crawl Stone Soup version 0.29.1-15-g9cfb28693d (webtiles) character file.

Game seed: 7402412438674249197

1369 coolguy69 the Cleaver (level 8, -1/70 HPs)
             Began as a Hill Orc Fighter on Mar 25, 2023.
             Was a Follower of Makhleb.
             Slain by a sky beast (5 damage)
             ... on level 6 of the Dungeon.
             The game lasted 00:06:18 (6813 turns).

coolguy69 the Cleaver (Hill Orc Fighter)            Turns: 6813, Time: 00:06:18

Health: -1/70      AC: 15    Str: 21    XL:     8   Next: 65%
Magic:  8/8        EV:  8    Int:  8    God:    Makhleb [*.....]
Gold:   408        SH:  5    Dex: 10    Spells: 7/7 levels left

rFire   . . .      SeeInvis .   s - +0 battleaxe
rCold   . . .      Faith    .   (shield currently unavailable)
rNeg    + . .      Spirit   .   f - +0 chain mail
rPois   +          Reflect  +   (no helmet)
rElec   .          Harm     .   q - +0 cloak {rPois}
rCorr   .          Rampage  .   (no gloves)
Will    .....                   (no boots)
Stlth   ..........              t - amulet of reflection
HPRegen 0.21/turn               o - +4 ring of protection
MPRegen 0.11/turn               n - ring of positive energy

@: no status effects
A: no striking features
a: Renounce Religion


You were on level 6 of the Dungeon.
You worshipped Makhleb.
Makhleb was aware of your devotion.
You visited 2 branches of the dungeon, and saw 7 of its levels.

You collected 408 gold pieces.

Inventory:

Hand Weapons
 s - a +0 battleaxe (weapon)
Armour
 f - a +0 chain mail (worn)
 q - a +0 cloak of poison resistance (worn)
Jewellery
 a - a ring of poison resistance
 j - an amulet of magic regeneration
 n - a ring of positive energy (right hand)
 o - a +4 ring of protection (left hand)
 t - an amulet of reflection (around neck)
Wands
 u - a wand of quicksilver (9)
Scrolls
 d - 3 scrolls of enchant armour {unknown}
 e - a scroll of noise {unknown}
 i - 2 scrolls of magic mapping {unknown}
 k - 3 scrolls of teleportation {unknown}
 l - 3 scrolls of identify {unknown}
 r - 2 scrolls of vulnerability {unknown}
Potions
 b - 2 potions of curing {unknown}
 c - a potion of heal wounds {unknown}
 g - 2 potions of cancellation {unknown}
 h - a potion of degeneration {unknown}
 m - 2 potions of magic {unknown}
 p - a potion of ambrosia {unknown}


   Skills:
 + Level 5.9 Fighting
 + Level 10.2 Axes
 + Level 6.0 Armour
 + Level 0.9 Dodging
 + Level 1.2 Stealth
 + Level 4.3 Shields


You had 7 spell levels left.
You didn't know any spells.
Your spell library contained the following spells:

 Spells                   Type           Power      Damage    Failure   Level
 Magic Dart               Conj           0%         1d3       98%         1
 Blink                    Tloc           0%         N/A       99%         2
 Searing Ray              Conj           0%         2d4       99%         2
 Static Discharge         Conj/Air       0%         3-3/arc   99%         2
 Frozen Ramparts          Ice            0%         1d1       100%        3
 Fulminant Prism          Conj/Hex       0%         3d6       100%        4
 Ice Form                 Ice/Tmut       0%         N/A       100%        4
 Summon Ice Beast         Ice/Summ       0%         N/A       100%        4
 Lightning Bolt           Conj/Air       0%         1d11      100%        5
 Manifold Assault         Tloc           0%         N/A       100%        5
 Storm Form               Tmut/Air       0%         N/A       100%        7
 Maxwell's Capacitive Co  Air            0%         ∞         100%        8


Dungeon Overview and Level Annotations

Branches:
Dungeon (6/15)             Temple (1/1) D:5

Altars:
Ashenzari
Cheibriados
Dithmenos
Elyvilon
Fedhas
Hepliaklqana
Kikubaaqudgha
Makhleb
Nemelex Xobeh
Okawaru
Qazlal
Trog
Uskayaw
Vehumet
Wu Jian
Xom
Yredelemnul
The Shining One

Shops:
D:2 :


Message History

The gnoll is severely wounded.
The gnoll completely misses you. The gnoll closely misses you.
Unknown command.
You closely miss the gnoll.
The gnoll is severely wounded.
The gnoll is no longer moving quickly.
The gnoll hits you with a +0 halberd!
* * * LOW HITPOINT WARNING * * *
The gnoll barely misses you.
Unknown command.
The gnoll throws a throwing net.
The throwing net barely misses you.
Your attacks no longer feel as feeble.
The gnoll is no longer moving quickly.
The gnoll throws a throwing net.
The throwing net hits you.
You become entangled in the net!
You see here a throwing net.
You tear a large gash into the net.
You struggle against the net.
The gnoll closely misses you.
You shred the net and break free! The gnoll barely misses you.
A sky beast appears from thin air!
Reactivating autopickup.
You block the gnoll's attack.
The sky beast hits you but does no damage.
The gnoll hits you from afar with a +0 halberd.
* * * LOW HITPOINT WARNING * * *
The sky beast attacks as you move away! The sky beast barely misses you.
The gnoll barely misses you.
The sky beast flickers out of sight!
Deactivating autopickup; reactivate with Ctrl-A.
Okay, then.
Unknown command.
A sky beast appears from thin air!
Reactivating autopickup.
The sky beast attacks as you move away! The sky beast closely misses you.
The sky beast flickers out of sight!
Deactivating autopickup; reactivate with Ctrl-A.
Something hits you but does no damage. Something hits you.
* * * LOW HITPOINT WARNING * * *
Something shocks you.
You die...

##......## ##...##
#......# ##...#
#....## #.#..
#....### ##.##.
#......####.....
#.#..##....##..#
##.#..####.###..#
#####.###.# #.##
#..# #...@.# #.###.#
##.# #.###.###.†...#
#.#
##g..####........
#..## ##..##..# ##g#
......#
######..####........
#...........# .###..
######..##### .# .#
#.~##


You could see 2 gnolls.

Vanquished Creatures
  2 ice beasts
  2 black bears (D:5)
  An ogre (D:5)
  A centaur (D:6)
  A kobold brigand (D:6)
  A necrophage (D:6)
  A hound (D:5)
  A jelly (D:5)
  An orc priest (D:4)
  2 gnoll boudas
  3 iguanas
  2 orc wizards
  12 gnolls
  15 adders
  A shadow imp (D:5)
  An ufetubus (D:5)
  4 dart slugs
  16 orcs
  3 ball pythons
  4 bats
  5 endoplasms
  2 giant cockroaches (D:3)
  39 goblins
  25 hobgoblins
  5 jackals
  11 kobolds
  4 quokkas
  2 frilled lizards
  2 rats
169 creatures vanquished.

Vanquished Creatures (others)
  A kobold (D:6)
1 creature vanquished.

Grand Total: 170 creatures vanquished

Notes
Turn   | Place    | Note
-------+----------+-------------------------------------------
     0 | D:1      | coolguy69 the Hill Orc Fighter began the quest for the Orb.
     0 | D:1      | Reached XP level 1. HP: 19/19 MP: 1/1
   219 | D:1      | Found a faded altar of an unknown god.
   263 | D:1      | Reached XP level 2. HP: 23/27 MP: 2/2
   976 | D:2      | Reached skill level 3 in Axes
  1018 | D:2      | Reached XP level 3. HP: 33/33 MP: 3/3
  1287 | D:2      | Found Gujiqinym's Book Shop.
  1333 | D:2      | Reached skill level 4 in Axes
  1566 | D:3      | Reached XP level 4. HP: 40/40 MP: 4/4
  2435 | D:3      | Reached skill level 5 in Axes
  2435 | D:3      | Reached XP level 5. HP: 46/46 MP: 5/5
  3098 | D:4      | Reached skill level 6 in Axes
  3098 | D:4      | Reached XP level 6. HP: 37/52 MP: 6/6
  3706 | D:4      | Reached skill level 5 in Armour
  4055 | D:4      | Reached skill level 7 in Axes
  4578 | D:4      | Identified the +0 ring mail "Fotsuawn" {rC++ Int+4}
  4727 | D:4      | Reached XP level 7. HP: 60/60 MP: 7/7
  5142 | D:5      | Entered Level 5 of the Dungeon
  5154 | D:5      | Reached skill level 5 in Fighting
  5252 | D:5      | Reached skill level 8 in Axes
  5375 | D:5      | Found a staircase to the Ecumenical Temple.
  5436 | Temple   | Entered the Ecumenical Temple
  5472 | Temple   | Became a worshipper of Makhleb the Destroyer
  5771 | D:5      | Reached skill level 1 in Stealth
  5869 | D:5      | Reached XP level 8. HP: 57/68 MP: 8/8
  5932 | D:5      | Reached skill level 9 in Axes
  6570 | D:6      | Reached * piety under Makhleb
  6758 | D:6      | Reached skill level 10 in Axes
  6801 | D:6      | HP: 2/70 [gnoll/+0 halberd[a gnoll bouda] (6)]
  6813 | D:6      | Slain by a sky beast

Illustrated notes

Levels and vault maps discovered:
D:1:      lightli_arrival_boilingwater, layout_loops_corners,
          dreamdust_ecumenical_altar_statues, minmay_misc_feat_room,
          patterned_corridor
D:2:      layout_rooms, serial_shops, nicolae_shop_waterfront
D:3:      layout_basic, minmay_checkerbox
D:4:      minmay_goblin_kobold_castle, layout_layer_cave,
          kennysheep_generic_room_14
D:5:      layout_basic, temple_pool_b, nicolae_eternal_life
D:6:      layout_layer_cave, serial_shops, nicolae_shop_crystal
Temple:   nicolae_temple_no_exploring_needed

Skill      XL: |  1  2  3  4  5  6  7  8 |
---------------+-------------------------+-----
Axes           | 3 4 5 6 7 8 10 | 10.2
Fighting       | 4 5 |  5.9
Armour         | 4 5 6 |  6.0
Shields        | 4 |  4.3
Stealth        | 1 |  1.2
Dodging        | |  0.9

Action                   |  1- 3 |  4- 6 |  7- 9 || total
-------------------------+-------+-------+-------++-------
Melee: War axe           |    85 |   235 |    61 ||   381
       Battleaxe         |       |       |    98 ||    98
  Use: Potion            |       |     1 |     1 ||     2
Armor: Chain mail        |    70 |   180 |    98 ||   348
       Skin              |       |       |     2 ||     2
Dodge: Dodged            |    35 |   109 |    65 ||   209
Block: Buckler           |    21 |    64 |    16 ||   101
       Other             |       |       |    28 ||    28
       Reflection        |       |       |     2 ||     2
